 Dungeon Crawl Stone Soup version 0.29-a0-334-gb41bcbb86e (webtiles) character file.

Game seed: 2256264140075770186

23926 Dauddaud the Executioner (level 12, -3/97 HPs)
             Began as a Minotaur Berserker on Apr 15, 2022.
             Was a Priest of Trog.
             Slain by a two-headed ogre
             ... wielding a +0 giant club
              (22 damage)
             ... on level 13 of the Dungeon.
             The game lasted 00:44:11 (16038 turns).

Dauddaud the Executioner (Minotaur Berserker)      Turns: 16038, Time: 00:44:12

Health: -3/97      AC: 18    Str: 33    XL:     12   Next: 76%
Magic:  11/11      EV:  9    Int:  4    God:    Trog [***...]
Gold:   944        SH:  0    Dex: 10    Spells: 11/11 levels left

rFire   . . .      SeeInvis .   y - +2 broad axe (vorpal)
rCold   . . .      Faith    .   (no shield)
rNeg    . . .      Spirit   .   L - +0 plate armour
rPois   .          Reflect  .   v - +1 hat {Will+}
rElec   .          Harm     .   (no cloak)
rCorr   .          Rampage  .   (no gloves)
Will    +++..                   C - +0 pair of boots
Stlth   ..........              N - amulet of regeneration
HPRegen 2.06/turn               h - +6 ring of strength
MPRegen 0.12/turn               n - +4 ring of protection

@: strong-willed, regenerating
A: horns 2, retaliatory headbutt
a: Renounce Religion, Berserk, Trog's Hand


You were on level 13 of the Dungeon.
You worshipped Trog.
Trog was most pleased with you.
You visited 1 branch of the dungeon, and saw 14 of its levels.
You also visited: Sewer and Bailey.

You collected 944 gold pieces.

Inventory:

Hand Weapons
 b - a +2 halberd of distortion
 d - a +2 spear of flaming
 e - a +2 morningstar of draining
 y - a +2 vorpal broad axe (weapon)
 A - a +0 battleaxe
Missiles
 w - 13 poisoned darts (quivered)
Armour
 v - a +1 hat of willpower (worn)
 C - a +0 pair of boots (worn)
 K - a +0 cloak
 L - a +0 plate armour (worn)
 M - the +0 hat of Satisfaction {+Inv}
   (You found it on level 7 of the Dungeon)

   +Inv:      It lets you turn invisible.
 W - the +1 ring mail "Ureresm" {Rampage Str-3 Dex+5}
   (You found it on level 13 of the Dungeon)

   Str:       It affects your strength (-3).
   Dex:       It affects your dexterity (+5).
   Rampage:   It bestows one free step when moving towards enemies.
Jewellery
 h - a +6 ring of strength (left hand)
 n - a +4 ring of protection (right hand)
 r - a +6 ring of dexterity
 I - a ring of resist corrosion
 J - a ring of protection from cold
 N - an amulet of regeneration (around neck)
 O - a ring of flight
Wands
 x - a wand of charming (6)
 B - a wand of flame (48)
 E - a wand of polymorph (14)
 G - a wand of paralysis (11)
 H - a wand of acid (7)
 S - a wand of digging (4)
 Y - a wand of iceblast (7)
Scrolls
 a - 4 scrolls of vulnerability {unknown}
 c - 4 scrolls of enchant armour
 f - 4 scrolls of magic mapping
 k - 2 scrolls of immolation {unknown}
 m - 3 scrolls of amnesia
 o - a scroll of holy word {unknown}
 p - a scroll of blinking
 s - 4 scrolls of noise
 t - a scroll of enchant weapon
 u - 6 scrolls of teleportation
 T - a scroll of summoning {unknown}
 U - 3 scrolls of fog {unknown}
 V - 2 scrolls of brand weapon {unknown}
 X - a scroll of identify
Potions
 g - 8 potions of curing
 i - 6 potions of attraction {unknown}
 j - 7 potions of degeneration {unknown}
 l - 3 potions of cancellation {unknown}
 q - 3 potions of heal wounds {unknown}
 z - a potion of resistance {unknown}
 D - 3 potions of might {unknown}
 F - a potion of lignification {unknown}
 P - a potion of invisibility {unknown}
 Q - 3 potions of mutation {unknown}
 R - 3 potions of flight {unknown}
 Z - a potion of haste {unknown}


   Skills:
 * Level 6.4 Fighting
 - Level 22.7(23.0) Axes
 - Level 5.3(15.9) Maces & Flails
 - Level 2.8(15.3) Polearms
 * Level 5.8 Armour
 + Level 3.9 Dodging


You had 11 spell levels left.
You didn't know any spells.
Your spell library was empty.

Dungeon Overview and Level Annotations

Branches:
Dungeon (14/15)            Temple (0/1) D:7            Lair (0/6) D:8
    Orc (0/2) D:9           Sewer (visited)          Bailey (visited)
 Vaults: D:13-14

Altars:
Makhleb
Okawaru
Uskayaw
Zin

Shops:
D:7 =*   D:13 *

Annotations:
D:14 Lodul


Innate Abilities, Weirdness & Mutations

You have a pair of horns on your head.
You reflexively headbutt those who attack you in melee.


Message History

HP restored.
You start waiting.
Done waiting.
Things that are here:
a +0 hand axe; a +0 leather armour
Things that are here:
a +0 war axe; a +0 robe
There is an open door here.
Things that are here:
a +0 war axe; a +0 leather armour
There is a stone staircase leading down here.
You climb downwards.
Level annotation: Lodul The centaur warrior wields a +0 shortbow.
The centaur warrior shoots an arrow.
The arrow hits you but does no damage.
The two-headed ogre hits you with a +0 giant spiked club!
The two-headed ogre barely misses you.
The two-headed ogre hits you with a +0 giant club.
The two-headed ogre barely misses you.
A two-headed ogre comes into view. It is wielding two +0 giant clubs.
A deep elf pyromancer comes into view. It is wielding a +0 long sword.
The centaur warrior shoots an arrow.
The arrow hits you but does no damage.
The teleport trap disappears.
Lodul disappears!
The deep elf pyromancer moves out of view.
You hear two shouts!
There is a stone staircase leading up, spattered with blood here.
The two-headed ogre hits you with a +0 giant spiked club!
The two-headed ogre barely misses you.
The two-headed ogre hits you with a +0 giant club!!
The two-headed ogre hits you with a +0 giant club!
The centaur warrior shoots an arrow.
The arrow hits you but does no damage.
You hear a shout!
You climb upwards.
There is a stone staircase leading down here.
Your skin crawls.
You feel strong-willed.
The two-headed ogre hits you with a +0 giant club!
* * * LOW HITPOINT WARNING * * *
The two-headed ogre hits you with a +0 giant club!!
You die...

#.......#.....#.....#.......≈≈
#####...#.....#.....#.......≈#
#...#...###.....#.......≈#
#...#...#...#####.......≈#
#...#...#...#...........≈#
######.###...#...#....<.####.≈#
#......#.....#...#'######..+.≈#
#......#.....#O............#.≈#
#......#.....[@[.............≈≈
#......#######O................
#..............................
#####.....................#####
#.....................#....
#.....................#....
#:....................#....
#.....................#....
#.....###'#...........#....


You could see 2 two-headed ogres.

Vanquished Creatures
  Gastronok (D:10)
  2 boulder beetles
  4 two-headed ogres
  Nergalle (D:11)
  A wizard (D:7)
  A deep elf pyromancer (D:12)
  8 ugly things
  3 manticores
  2 cyclopes
  A guardian serpent (shapeshifter) (D:13)
  A kobold demonologist (D:12)
  2 gargoyles
  Psyche (D:11)
  3 trolls
  3 meliai (D:13)
  A hornet (shapeshifter) (D:13)
  A water elemental (D:13)
  4 wraiths
  2 wyverns
  A shadow (D:10)
  2 humans (D:12)
  2 steam dragons (D:9)
  5 yaks (D:8)
  9 vampire mosquitoes
  Menkaure (D:5)
  Edmund (D:5)
  4 wargs (D:13)
  An acid dragon (D:10)
  Duvessa (D:7)
  4 water moccasins
  3 black bears
  6 orc warriors
  Pargi (Sewer)
  5 boggarts (D:9)
  5 centaurs
  2 phantoms
  A kobold brigand (D:8)
  Blork the orc (D:5)
  11 bullfrogs
  3 scorpions
  3 gnoll sergeants
  2 necrophages
  Dowan (D:7)
  10 killer bees
  2 howler monkeys (D:9)
  2 jellies
  9 orc priests
  5 hounds
  14 orc wizards
  13 gnolls
  13 adders
  2 shadow imps
  3 white imps
  3 ufetubi
  2 worms
  2 dart slugs
  40 orcs
  7 endoplasms
  A giant cockroach (D:4)
  12 goblins
  6 hobgoblins
  3 quokkas
  4 ball pythons
  6 bats
  2 frilled lizards
  20 kobolds
  4 rats
302 creatures vanquished.

Vanquished Creatures (others)
  An orc (D:7)
  30 fungi (D:8)
  41 plants (D:8)
72 creatures vanquished.

Grand Total: 374 creatures vanquished

Notes
Turn   | Place    | Note
-------+----------+-------------------------------------------
     0 | D:1      | Dauddaud the Minotaur Berserker began the quest for the
                  | Orb.
     0 | D:1      | Reached XP level 1. HP: 19/19 MP: 0/0
    96 | D:1      | Reached skill level 4 in Axes
   263 | D:1      | Reached XP level 2. HP: 20/26 MP: 1/1
  1043 | D:2      | Reached skill level 5 in Axes
  1119 | D:2      | Reached XP level 3. HP: 31/31 MP: 2/2
  1605 | D:3      | Reached XP level 4. HP: 15/39 MP: 3/3
  2176 | D:3      | Reached ** piety under Trog
  2177 | D:3      | Reached skill level 1 in Maces & Flails
  2248 | D:3      | Reached skill level 6 in Axes
  2497 | D:3      | Found a hide-covered altar of Uskayaw.
  2608 | D:4      | Reached XP level 5. HP: 27/45 MP: 4/4
  2692 | D:4      | Found a glowing drain.
  2704 | Sewer    | Entered a sewer
  2731 | Sewer    | Noticed Pargi
  2734 | Sewer    | Killed Pargi
  2891 | Sewer    | Reached skill level 7 in Axes
  3212 | D:4      | Reached XP level 6. HP: 44/51 MP: 5/5
  3429 | D:4      | Reached skill level 1 in Polearms
  3437 | D:4      | Reached XP level 7. HP: 35/57 MP: 6/6
  3586 | D:4      | Reached skill level 8 in Axes
  3757 | D:4      | Reached skill level 5 in Maces & Flails
  4043 | D:5      | Entered Level 5 of the Dungeon
  4043 | D:5      | Noticed Blork the orc
  4048 | D:5      | Killed Blork the orc
  4048 | D:5      | Reached *** piety under Trog
  4181 | D:5      | Noticed Edmund
  4196 | D:5      | Killed Edmund
  4197 | D:5      | Reached skill level 9 in Axes
  4390 | D:5      | Noticed Menkaure
  4394 | D:5      | Killed Menkaure
  4395 | D:5      | Reached XP level 8. HP: 64/64 MP: 7/7
  4456 | D:5      | Reached skill level 10 in Axes
  5071 | D:5      | Reached skill level 11 in Axes
  5732 | D:6      | Reached skill level 12 in Axes
  6479 | D:7      | Noticed a wizard
  6526 | D:7      | Killed a wizard
  6527 | D:7      | Reached skill level 13 in Axes
  6527 | D:7      | Reached XP level 9. HP: 33/70 MP: 8/8
  6540 | D:7      | HP: 3/70 [poisoned by a killer bee]
  6875 | D:7      | Reached skill level 14 in Axes
  7279 | D:7      | Identified the +0 hat of Satisfaction {+Inv}
  7332 | D:7      | Found Poaciul's Jewellery Emporium.
  7565 | D:7      | Found a staircase to the Ecumenical Temple.
  7573 | D:7      | Found Efreck's Island Escapes.
  7875 | D:7      | Found an iron altar of Okawaru.
  7875 | D:7      | Noticed Duvessa
  7875 | D:7      | Noticed Dowan
  7878 | D:7      | Killed Dowan
  7886 | D:7      | Killed Duvessa
  7887 | D:7      | Reached skill level 15 in Axes
  8068 | D:7      | Found a burning altar of Makhleb.
  8075 | D:7      | Found a glowing silver altar of Zin.
  8284 | D:8      | Found a staircase to the Lair.
  8569 | D:8      | Reached XP level 10. HP: 51/77 MP: 9/9
  8575 | D:8      | Reached skill level 16 in Axes
  8828 | D:8      | Reached **** piety under Trog
  8869 | D:8      | Found a flagged portal.
  8877 | Bailey   | Entered a bailey
  9521 | D:8      | Reached skill level 17 in Axes
 10809 | D:9      | Found a staircase to the Orcish Mines.
 11019 | D:9      | Reached skill level 18 in Axes
 11405 | D:10     | Entered Level 10 of the Dungeon
 11405 | D:10     | Noticed Gastronok
 11405 | D:10     | Noticed a two-headed ogre
 11515 | D:10     | Killed Gastronok
 11516 | D:10     | Reached skill level 19 in Axes
 11516 | D:10     | Reached XP level 11. HP: 82/82 MP: 10/10
 11627 | D:10     | Killed a two-headed ogre
 11830 | D:10     | Noticed a two-headed ogre
 11837 | D:10     | Killed a two-headed ogre
 11953 | D:10     | Noticed a two-headed ogre
 11959 | D:10     | Killed a two-headed ogre
 12383 | D:10     | Reached skill level 20 in Axes
 12723 | D:11     | Noticed Psyche
 12730 | D:11     | Killed Psyche
 13159 | D:11     | Noticed a wolf spider
 13277 | D:11     | Noticed Nergalle
 13284 | D:11     | Killed Nergalle
 13497 | D:11     | Noticed a tengu warrior
 13498 | D:11     | Noticed a tengu warrior
 13500 | D:11     | Noticed a steelbarb worm
 13500 | D:11     | Noticed a boulder beetle
 13563 | D:12     | Noticed a boulder beetle
 13581 | D:12     | Killed a boulder beetle
 13582 | D:12     | Reached skill level 21 in Axes
 13725 | D:12     | Noticed a purple ugly thing
 13731 | D:12     | Killed a purple ugly thing
 13893 | D:12     | Noticed a deep elf pyromancer
 13897 | D:12     | Noticed a cyan ugly thing
 13900 | D:12     | Killed a deep elf pyromancer
 13905 | D:12     | Killed a cyan ugly thing
 13995 | D:12     | Reached XP level 12. HP: 79/90 MP: 11/11
 14362 | D:12     | Found an iron altar of Okawaru.
 14389 | D:12     | Reached skill level 22 in Axes
 14869 | D:13     | Noticed a boulder beetle
 14880 | D:13     | Killed a boulder beetle
 15019 | D:13     | Identified the +1 ring mail "Ureresm" {Rampage Str-3 Dex+5}
 15679 | D:13     | Found Oloongemeu's Assorted Antiques.
 15743 | D:14     | Noticed a two-headed ogre
 15747 | D:14     | Reached skill level 5 in Fighting
 15760 | D:14     | Reached skill level 5 in Armour
 15762 | D:14     | Killed a two-headed ogre
 15831 | D:14     | Noticed a two-headed ogre
 15831 | D:14     | Noticed a two-headed ogre
 15831 | D:14     | Noticed a centaur warrior
 15831 | D:14     | Noticed Lodul
 15832 | D:14     | Noticed a two-headed ogre
 15846 | D:13     | HP: 4/97 [poisoned by a meliai]
 16035 | D:14     | Noticed a two-headed ogre
 16038 | D:13     | Slain by a two-headed ogre

Illustrated notes

Levels and vault maps discovered:
D:1:      lemuel_arrival_behind_the_door_small, layout_rooms
D:2:      layout_rooms
D:3:      layout_loops_cross, nicolae_uskayaw_suspiria
D:4:      layout_basic, cheibrodos_sewer_entry_bend
D:5:      layout_layer_cave, uniq_menkaure, uniq_edmund, uniq_blork_the_orc
D:6:      layout_basic
D:7:      cheibrodos_wizards_tower, layout_loops_ring,
          grunt_temple_overflow_diamond, serial_shops, shop,
          nicolae_island_escapes, uniq_duvessa
D:8:      layout_basic, due_lair_maze_entry_diamond, nicolae_ossuary_entry_plus,
          enter_bailey_3, hangedman_abyss_or_decor_lesser_grid,
          minmay_crystal_room, minmay_circle_x
D:9:      layout_basic, orc_0_dummy, kennysheep_generic_room_7
D:10:     layout_small_grid, uniq_gastronok
D:11:     layout_loops_ring, skrybe_limestone_x,
          onia_ninara_dug_in_and_dangerous, uniq_nergalle, uniq_psyche
D:12:     layout_gridville, okawaru_humans
D:13:     layout_irregular_city, serial_shops, kennysheep_mini_moat,
          nooodl_orcs_dogs
D:14:     layout_cross, david_vaults_1, chequers_serial_rivers_micro_c,
          nzn_hepliaklqana_mist_gate, uniq_lodul

Skill      XL: |  1  2  3  4  5  6  7  8  9 10 11 12 |
---------------+-------------------------------------+-----
Axes           | 4 5 6 7 9 13 15 19 21 22 | 22.7
Maces & Flails | 2 3 4 5 |  5.3
Polearms       | 1 2 |  2.8
Fighting       | 6 |  6.4
Armour         | 5 |  5.8
Dodging        | 3 |  3.9

Action                   |  1- 3 |  4- 6 |  7- 9 | 10-12 || total
-------------------------+-------+-------+-------+-------++-------
Melee: Hand axe          |    66 |       |       |       ||    66
       Headbutt          |    11 |    16 |    30 |    72 ||   129
       Mace              |    15 |    89 |       |       ||   104
       Punch             |       |     1 |       |     1 ||     2
       War axe           |       |    16 |    19 |       ||    35
       Battleaxe         |       |       |   177 |   140 ||   317
       Broad axe         |       |       |       |   198 ||   198
Invok: Berserk           |     2 |     1 |     9 |    20 ||    32
       Trog's Hand       |       |       |     5 |    10 ||    15
  Use: Scroll            |       |       |     5 |     3 ||     8
       Potion            |       |       |     1 |       ||     1
Armor: Animal skin       |     2 |       |       |       ||     2
       Chain mail        |    30 |    64 |    65 |       ||   159
       Plate armour      |       |       |    38 |   178 ||   216
Dodge: Dodged            |    42 |    64 |    89 |   139 ||   334

Table legend: (Time is in decaauts)
 A = Elapsed time spent in this place.
 B = Non-inter-level travel time spent in this place.
 C = Inter-level travel time spent in this place.
 D = Time resting spent in this place.
 E = Time spent auto-exploring this place.
 F = Levels seen in this place.
 G = Mean time per level.
                   A        B        C        D        E       F      G
               +--------+--------+--------+--------+--------+-----+--------+
         Total |  16307 |  15624 |    683 |   4427 |   9288 |  16 | 1019.2 |
       Dungeon |  15943 |  15260 |    683 |   4261 |   9154 |  14 | 1138.8 |
         Sewer |    348 |    348 |      0 |    166 |    134 |   1 |  348.0 |
        Bailey |     15 |     15 |      0 |      0 |      0 |   1 |   15.0 |
               +--------+--------+--------+--------+--------+-----+--------+

Top non-repeatable levels by time:
     D:7: 2164 daAuts
     D:8: 1777 daAuts
     D:5: 1657 daAuts
    D:13: 1298 daAuts
    D:12: 1199 daAuts
     D:9: 1148 daAuts
     D:4: 1132 daAuts
     D:3: 1130 daAuts
    D:10: 1096 daAuts
    D:11: 1066 daAuts
     D:1: 910 daAuts
     D:6: 735 daAuts
     D:2: 582 daAuts
   Sewer: 348 daAuts
    D:14: 44 daAuts
